General information
- name: BNet
- type: Ladder team game (AT/RT)
- host: Battle.net
- saver: TheBlade
map: Mur'gulOasis
- players: 8
- length: 34:10
- speed: Fast
- version: 1.28 W3XP
- replay type: Public
» download(320 KB)
Players
team 1 (winner)
vinamilk (
purple | 84 APM | 2577 actions | 30:46)
5 Far Seer
2 Feral Spirit
3 Chain Lighting
4 Shadow Hunter
2 Healing Wave
2 Hex
3 Lich
2 Frost Armor
1 Frost Nova
2 Death Knight
1 Unholy Aura
1 Animate Dead
» actions
| Assign group hotkey | 15 | |
| Basic commands | 109 | |
| Build / train | 84 | |
| Enter build submenu | 15 | |
| Enter hero's abilities submenu | 14 | |
| Remove unit from queue | 4 | |
| Right click | 1013 | |
| Select / deselect | 380 | |
| Select group hotkey | 827 | |
| Use ability | 116 | |
2577 total
» units
| Peon | 16 | |
| Wind Rider | 10 | |
| Frost Wyrm | 6 | |
32 total
» upgrades
| Ranged Weapons | 2 | |
| Envenomed Spears | 1 | |
| Armor | 1 | |
| Freezing Breath | 1 | |
| Creature Attack | 3 | |
| Creature Carapace | 2 | |
10 total
» buildings
| Altar of Storms | 1 | |
| Orc Burrow | 5 | |
| Voodoo Lounge | 1 | |
| Stronghold | 2 | |
| War Mill | 1 | |
| Fortress | 1 | |
| Beastiary | 2 | |
| Spirit Lodge | 2 | |
| Ziggurat | 5 | |
| Boneyard | 2 | |
22 total
» build order
00:10 Altar of Storms
00:14 Orc Burrow
01:10 Voodoo Lounge
01:25 Orc Burrow
03:03 Stronghold
03:03 Stronghold
03:08 War Mill
04:10 Orc Burrow
05:34 Fortress
05:40 Beastiary
05:42 Beastiary
07:06 Orc Burrow
09:11 Orc Burrow
11:55 Spirit Lodge
11:55 Spirit Lodge
13:45 Ziggurat
14:33 Ziggurat
14:34 Ziggurat
22:50 Boneyard
22:51 Boneyard
24:13 Ziggurat
24:13 Ziggurat
» items
| Healing Salve | 1 | |
| Lesser Clarity Potion | 2 | |
| Scroll of Town Portal | 5 | |
| Scroll of Regeneration | 1 | |
9 total

»
ITSJUSTAGAMEBRO (
pink | 108 APM | 1405 actions | 13:00)
4 Death Knight
2 Death Coil
2 Unholy Aura
1 Lich
1 Frost Nova
» actions
| Assign group hotkey | 22 | |
| Basic commands | 147 | |
| Build / train | 41 | |
| Enter build submenu | 20 | |
| Enter hero's abilities submenu | 5 | |
| Give item / drop item | 5 | |
| Remove unit from queue | 3 | |
| Right click | 709 | |
| Select / deselect | 189 | |
| Select group hotkey | 208 | |
| Use ability | 56 | |
1405 total
» units
| Acolyte | 2 | |
| Ghoul | 5 | |
| Crypt Fiend | 7 | |
14 total
» upgrades
» buildings
| Crypt | 1 | |
| Graveyard | 1 | |
| Altar of Darkness | 2 | |
| Ziggurat | 4 | |
| Tomb of Relics | 1 | |
| Halls of the Dead | 3 | |
| Black Citadel | 2 | |
| Sacrificial Pit | 1 | |
| Boneyard | 3 | |
18 total
» build order
00:18 Crypt
00:22 Graveyard
00:50 Altar of Darkness
00:51 Altar of Darkness
01:00 Ziggurat
01:14 Tomb of Relics
02:06 Ziggurat
04:36 Halls of the Dead
04:36 Halls of the Dead
04:36 Halls of the Dead
04:49 Ziggurat
07:20 Black Citadel
07:20 Black Citadel
07:51 Ziggurat
09:19 Sacrificial Pit
11:29 Boneyard
11:30 Boneyard
11:32 Boneyard
» items
| Rod of Necromancy | 2 | |
| Potion of Lesser Invulnerability | 1 | |
| Scroll of Town Portal | 1 | |
| Orb of Corruption | 1 | |
| Scroll of Healing | 2 | |
| Potion of Mana | 1 | |
| Potion of Healing | 2 | |
10 total
TheWeaponLord (
green | 64 APM | 2173 actions | 34:10)
7 Blademaster
3 Wind Walk
3 Critical Strike
1 Bladestorm
» actions
| Assign group hotkey | 24 | |
| Basic commands | 188 | |
| Build / train | 69 | |
| Enter build submenu | 39 | |
| Enter hero's abilities submenu | 7 | |
| Give item / drop item | 10 | |
| Right click | 1036 | |
| Select / deselect | 361 | |
| Select group hotkey | 254 | |
| Use ability | 185 | |
2173 total
» units
| Peon | 15 | |
| Grunt | 4 | |
| Troll Batrider | 11 | |
30 total
» upgrades
| Reinforced Defenses | 1 | |
| Ranged Weapons | 3 | |
| Troll Regeneration | 1 | |
| Liquid Fire | 1 | |
| Armor | 2 | |
| Envenomed Spears | 1 | |
9 total
» buildings
| Orc Burrow | 5 | |
| Altar of Storms | 1 | |
| Barracks | 1 | |
| Stronghold | 1 | |
| War Mill | 3 | |
| Voodoo Lounge | 3 | |
| Watch Tower | 21 | |
| Fortress | 1 | |
| Beastiary | 3 | |
| Great Hall | 3 | |
42 total
» build order
00:12 Orc Burrow
01:04 Altar of Storms
01:05 Barracks
01:23 Orc Burrow
02:43 Stronghold
02:58 War Mill
03:53 Voodoo Lounge
05:01 Orc Burrow
05:24 Watch Tower
05:24 Watch Tower
06:31 Fortress
06:34 Watch Tower
06:35 Watch Tower
06:37 Watch Tower
06:39 Watch Tower
06:45 Orc Burrow
08:00 Beastiary
08:01 Beastiary
08:02 Beastiary
13:56 War Mill
18:38 Great Hall
19:51 Great Hall
20:49 Watch Tower
20:49 Watch Tower
20:49 Watch Tower
20:49 Watch Tower
21:35 Voodoo Lounge
21:36 Watch Tower
21:38 Watch Tower
21:39 Watch Tower
22:20 Voodoo Lounge
24:12 Great Hall
24:15 Watch Tower
24:15 Watch Tower
24:16 Watch Tower
24:16 Watch Tower
24:17 Watch Tower
24:18 Watch Tower
24:18 Watch Tower
24:19 Watch Tower
26:26 Orc Burrow
26:28 War Mill
» items
| Healing Salve | 5 | |
| Scroll of Town Portal | 4 | |
| Orb of Lightning | 2 | |
| Lesser Clarity Potion | 1 | |
| Potion of Healing | 1 | |
| Staff of Teleportation | 2 | |
| Boots of Speed | 2 | |
| Tiny Great Hall | 2 | |
| Periapt of Vitality | 1 | |
20 total

»
01dsk1h011yw00d (
yellow | 47 APM | 1559 actions | 33:24)
4 Archmage
2 Summon Water Elemental
2 Blizzard
4 Paladin
2 Holy Light
1 Divine Shield
1 Devotion Aura
» actions
| Assign group hotkey | 21 | |
| Basic commands | 9 | |
| Build / train | 59 | |
| Enter build submenu | 25 | |
| Enter hero's abilities submenu | 8 | |
| Give item / drop item | 1 | |
| Remove unit from queue | 1 | |
| Right click | 621 | |
| Select / deselect | 214 | |
| Select group hotkey | 526 | |
| Use ability | 72 | |
1559 total
» units
| Peasant | 9 | |
| Rifleman | 15 | |
| Gryphon Rider | 2 | |
26 total
» upgrades
| Gunpowder | 2 | |
| Armor | 3 | |
| Long Rifles | 1 | |
| Swords | 1 | |
| Storm Hammers | 1 | |
8 total
» buildings
| Altar of Kings | 1 | |
| Farm | 10 | |
| Barracks | 1 | |
| Blacksmith | 1 | |
| Lumber Mill | 1 | |
| Scout Tower | 4 | |
| Guard Tower | 2 | |
| Arcane Tower | 1 | |
| Keep | 1 | |
| Arcane Vault | 1 | |
| Castle | 1 | |
| Gryphon Aviary | 3 | |
| Town Hall | 1 | |
28 total
» build order
00:10 Altar of Kings
00:12 Farm
00:52 Farm
01:09 Barracks
01:42 Blacksmith
02:20 Lumber Mill
02:53 Farm
03:15 Scout Tower
03:16 Scout Tower
03:22 Farm
03:28 Farm
03:38 Farm
04:10 Guard Tower
04:17 Scout Tower
04:52 Arcane Tower
04:58 Scout Tower
05:39 Farm
05:41 Guard Tower
05:45 Farm
06:28 Keep
07:28 Arcane Vault
09:16 Farm
11:46 Castle
12:26 Farm
19:04 Gryphon Aviary
19:06 Gryphon Aviary
19:10 Gryphon Aviary
20:46 Town Hall
» items
| Potion of Healing | 3 | |
| Scroll of Regeneration | 1 | |
| Lesser Clarity Potion | 1 | |
| Potion of Mana | 1 | |
| Orb of Fire | 1 | |
| Scroll of Town Portal | 2 | |
9 total
team 2 (loser)

»
dverial (
teal | 30 APM | 848 actions | 28:39)
4 Death Knight
2 Death Coil
2 Unholy Aura
2 Lich
1 Frost Nova
1 Frost Armor
» actions
| Basic commands | 34 | |
| Build / train | 40 | |
| Enter build submenu | 25 | |
| Enter hero's abilities submenu | 6 | |
| Give item / drop item | 2 | |
| Right click | 381 | |
| Select / deselect | 314 | |
| Use ability | 46 | |
848 total
» units
| Acolyte | 3 | |
| Ghoul | 3 | |
| Crypt Fiend | 9 | |
| Obsidian Statue | 1 | |
| Frost Wyrm | 3 | |
19 total
» upgrades
| Creature Attack | 2 | |
| Creature Carapace | 2 | |
| Web | 1 | |
5 total
» buildings
| Altar of Darkness | 1 | |
| Ziggurat | 7 | |
| Crypt | 1 | |
| Graveyard | 1 | |
| Tomb of Relics | 1 | |
| Nerubian Tower | 1 | |
| Halls of the Dead | 1 | |
| Slaughterhouse | 1 | |
| Black Citadel | 1 | |
| Spirit Tower | 1 | |
| Sacrificial Pit | 1 | |
| Boneyard | 5 | |
22 total
» build order
00:09 Altar of Darkness
00:16 Ziggurat
00:38 Crypt
01:08 Graveyard
01:13 Ziggurat
01:28 Tomb of Relics
02:03 Nerubian Tower
03:28 Ziggurat
04:23 Halls of the Dead
07:08 Slaughterhouse
07:13 Ziggurat
07:32 Black Citadel
08:03 Spirit Tower
09:09 Ziggurat
09:29 Sacrificial Pit
09:52 Ziggurat
10:28 Boneyard
10:31 Boneyard
11:36 Boneyard
11:48 Boneyard
12:25 Boneyard
14:57 Ziggurat
» items
| Rod of Necromancy | 1 | |
| Orb of Corruption | 1 | |
| Scroll of Town Portal | 2 | |
4 total
savagechris (
red | 70 APM | 1877 actions | 26:47)
5 Death Knight
3 Death Coil
2 Unholy Aura
3 Dreadlord
2 Sleep
1 Vampiric Aura
» actions
| Assign group hotkey | 26 | |
| Basic commands | 1 | |
| Build / train | 48 | |
| Enter build submenu | 17 | |
| Enter hero's abilities submenu | 8 | |
| Give item / drop item | 2 | |
| Remove unit from queue | 1 | |
| Right click | 1285 | |
| Select / deselect | 225 | |
| Select group hotkey | 205 | |
| Use ability | 58 | |
1877 total
» units
| Acolyte | 6 | |
| Ghoul | 3 | |
| Crypt Fiend | 13 | |
| Makrura Snapper | 1 | |
23 total
» upgrades
» buildings
| Graveyard | 1 | |
| Altar of Darkness | 1 | |
| Ziggurat | 10 | |
| Crypt | 1 | |
| Tomb of Relics | 1 | |
| Nerubian Tower | 3 | |
| Halls of the Dead | 1 | |
| Black Citadel | 1 | |
| Necropolis | 2 | |
21 total
» build order
00:14 Graveyard
00:21 Altar of Darkness
00:42 Ziggurat
01:02 Crypt
01:28 Tomb of Relics
01:39 Ziggurat
01:48 Nerubian Tower
04:19 Ziggurat
05:07 Halls of the Dead
06:00 Ziggurat
06:56 Ziggurat
08:23 Nerubian Tower
08:25 Nerubian Tower
11:34 Black Citadel
18:30 Necropolis
19:33 Ziggurat
19:34 Ziggurat
21:31 Necropolis
22:40 Ziggurat
22:42 Ziggurat
23:36 Ziggurat
» items
| Rod of Necromancy | 3 | |
| Scroll of Town Portal | 3 | |
6 total
TheBlade (
blue | 108 APM | 3677 actions | 34:10)
7 Archmage
3 Summon Water Elemental
3 Brilliance Aura
1 Mass Teleport
6 Mountain King
3 Storm Bolt
2 Bash
1 Avatar
» actions
| Assign group hotkey | 117 | |
| Basic commands | 160 | |
| Build / train | 175 | |
| ESC pressed | 4 | |
| Enter build submenu | 52 | |
| Enter hero's abilities submenu | 13 | |
| Give item / drop item | 7 | |
| Right click | 1159 | |
| Select / deselect | 624 | |
| Select group hotkey | 1050 | |
| Use ability | 316 | |
3677 total
» units
| Peasant | 26 | |
| Footman | 5 | |
| Rifleman | 9 | |
| Dragonhawk Rider | 8 | |
| Gryphon Rider | 11 | |
59 total
» upgrades
| Gunpowder | 3 | |
| Armor | 3 | |
| Masonry | 3 | |
| Long Rifles | 1 | |
| Swords | 3 | |
| Animal War Training | 1 | |
| Lumber Harvesting | 2 | |
| Cloud | 2 | |
| Storm Hammers | 1 | |
19 total
» buildings
| Altar of Kings | 1 | |
| Barracks | 2 | |
| Farm | 11 | |
| Lumber Mill | 1 | |
| Blacksmith | 1 | |
| Keep | 3 | |
| Arcane Vault | 2 | |
| Town Hall | 1 | |
| Scout Tower | 24 | |
| Guard Tower | 26 | |
| Arcane Tower | 9 | |
| Gryphon Aviary | 2 | |
| Castle | 3 | |
86 total
» build order
00:48 Altar of Kings
00:51 Barracks
00:53 Barracks
01:02 Farm
01:06 Farm
01:20 Farm
01:27 Farm
02:05 Lumber Mill
02:12 Farm
03:02 Blacksmith
04:06 Keep
04:06 Keep
04:06 Keep
04:11 Arcane Vault
05:49 Farm
07:51 Town Hall
07:54 Scout Tower
07:55 Scout Tower
07:55 Scout Tower
07:56 Scout Tower
08:50 Guard Tower
08:50 Guard Tower
09:09 Scout Tower
09:11 Scout Tower
09:17 Scout Tower
09:29 Scout Tower
09:30 Scout Tower
09:31 Scout Tower
09:34 Scout Tower
09:37 Scout Tower
09:42 Arcane Tower
09:44 Arcane Tower
09:44 Arcane Tower
09:44 Arcane Tower
10:06 Arcane Tower
10:09 Guard Tower
10:09 Guard Tower
10:09 Guard Tower
10:09 Guard Tower
10:10 Guard Tower
10:10 Arcane Tower
10:11 Arcane Tower
10:11 Arcane Tower
10:12 Arcane Tower
10:12 Guard Tower
10:12 Guard Tower
10:48 Guard Tower
10:48 Guard Tower
10:48 Guard Tower
11:40 Gryphon Aviary
12:30 Castle
12:30 Castle
12:30 Castle
12:42 Scout Tower
12:44 Scout Tower
12:48 Scout Tower
12:55 Arcane Vault
13:07 Gryphon Aviary
13:55 Guard Tower
13:55 Guard Tower
15:05 Farm
15:09 Farm
16:04 Scout Tower
16:06 Scout Tower
16:39 Farm
16:54 Guard Tower
16:55 Guard Tower
17:46 Guard Tower
17:46 Guard Tower
19:08 Farm
19:43 Farm
31:26 Scout Tower
31:27 Scout Tower
31:29 Scout Tower
31:47 Scout Tower
31:48 Scout Tower
31:57 Guard Tower
31:57 Guard Tower
32:01 Guard Tower
32:01 Guard Tower
32:20 Guard Tower
32:20 Guard Tower
32:24 Guard Tower
32:24 Guard Tower
33:14 Scout Tower
33:16 Scout Tower
» items
| Scroll of Regeneration | 8 | |
| Mechanical Critter | 7 | |
| Scroll of Town Portal | 5 | |
| Potion of Lesser Invulnerability | 1 | |
| Periapt of Vitality | 1 | |
| Staff of Teleportation | 2 | |
| Orb of Fire | 1 | |
| Staff of Sanctuary | 1 | |
26 total
datuputi (
orange | 57 APM | 1173 actions | 20:39)
4 Death Knight
2 Death Coil
2 Unholy Aura
1 Dreadlord
1 Vampiric Aura
» actions
| Assign group hotkey | 8 | |
| Build / train | 46 | |
| ESC pressed | 2 | |
| Enter build submenu | 16 | |
| Enter hero's abilities submenu | 5 | |
| Right click | 537 | |
| Select / deselect | 178 | |
| Select group hotkey | 346 | |
| Use ability | 35 | |
1173 total
» units
| Acolyte | 18 | |
| Ghoul | 3 | |
| Crypt Fiend | 4 | |
| Obsidian Statue | 1 | |
26 total
» upgrades
| Creature Attack | 1 | |
| Creature Carapace | 1 | |
| Web | 1 | |
3 total
» buildings
| Altar of Darkness | 1 | |
| Ziggurat | 5 | |
| Crypt | 2 | |
| Graveyard | 1 | |
| Halls of the Dead | 1 | |
| Tomb of Relics | 1 | |
| Nerubian Tower | 3 | |
| Slaughterhouse | 2 | |
| Black Citadel | 1 | |
| Sacrificial Pit | 1 | |
18 total
» build order
00:16 Altar of Darkness
00:19 Ziggurat
01:00 Crypt
01:07 Crypt
01:25 Graveyard
01:39 Ziggurat
04:01 Halls of the Dead
04:17 Ziggurat
04:52 Tomb of Relics
06:52 Nerubian Tower
07:37 Slaughterhouse
07:56 Ziggurat
08:38 Slaughterhouse
09:24 Black Citadel
10:02 Nerubian Tower
10:11 Nerubian Tower
13:44 Sacrificial Pit
18:16 Ziggurat
» items
| Rod of Necromancy | 1 | |
| Potion of Healing | 2 | |
| Orb of Corruption | 1 | |
| Scroll of Town Portal | 1 | |
5 total
Chat log
(00:12 / Allies) dverial: 3 ud lol
(00:26 / Allies) savagechris: rush?
(00:29 / Allies) dverial: sure
(00:34 / Allies) dverial: ill dl with ghouls
(00:45 / Allies) TheBlade: me cc
(00:54 / Allies) savagechris: ok then cc
(01:00 / Allies) dverial: ok
(01:02 / Allies) dverial: dk
(01:03 / Allies) dverial: fiends
(06:42 / Allies) dverial: àtake oj
(06:47 / Allies) savagechris: blue
(06:58 / Allies) TheBlade: gonna try to expo there
(07:06 / Allies) dverial: hes ddosin or
(07:54 / Allies) dverial: caredul blue
(08:14 / Allies) savagechris: tp
(09:09 / Allies) savagechris: ty
(09:12 / Allies) dverial: np
(09:17 / Allies) savagechris: lets hit
(09:35 / Allies) dverial: wood plz
(09:42 / Allies) dverial: ty
(10:44 / Allies) TheBlade: anyone got spare lumber?
(11:11 / Allies) TheBlade: ty
(11:13 / All) ITSJUSTAGAMEBRO: dumb maphack
(11:24 / Allies) dverial: mass air
(11:24 / All) ITSJUSTAGAMEBRO: so fucking obvious
(11:25 / All) ITSJUSTAGAMEBRO: holy shit
(11:41 / Allies) dverial: lumber plz
(11:48 / Allies) TheBlade: I just asked for lumber
(11:50 / All) ITSJUSTAGAMEBRO: red added to tk list
(11:57 / Allies) dverial: wood plz
(11:58 / All) savagechris: why?
(12:01 / All) ITSJUSTAGAMEBRO: maphakc
(12:05 / All) savagechris: lol wtf
(12:08 / Allies) datuputi: gold
(12:09 / All) ITSJUSTAGAMEBRO: youre so bovious
(12:10 / Allies) datuputi: share
(12:15 / Allies) datuputi: gold
(12:16 / Allies) datuputi: gold
(12:29 / Allies) datuputi: gold!!!!!!!!!!!!!!!!!!!!!!!
(12:29 / Allies) dverial: need gold too
(12:33 / Allies) dverial: mid
(12:40 / Allies) dverial: go
(13:10 / Allies) datuputi: gold!!!!!!!!
(13:10 / Allies) dverial: gold
(13:12 / Allies) dverial: wyrms coming
(13:16 / Allies) dverial: hurry
(13:18 / Allies) dverial: gold
(13:26 / Allies) dverial: for wyrms blue plz
(13:36 / All) TheBlade: that guy just whispered me saying he'll tk me for maphack
(13:37 / Allies) dverial: gold
(13:38 / All) TheBlade: how did I maphack
(13:39 / Allies) savagechris: coil me teal
(13:45 / All) TheBlade: wasn't paying attention, don't think he even called me a hacker?
(13:57 / All) savagechris: he did say i was too
(13:59 / All) savagechris: retarded
(14:00 / Allies) dverial: go
(14:00 / Allies) datuputi: gold
(14:01 / Allies) datuputi: gold
(14:02 / Allies) datuputi: gold
(14:08 / Allies) dverial: blyue give me gold for wyrms
(14:08 / Allies) TheBlade: hit inside base
(14:08 / Allies) dverial: fast
(14:10 / Allies) TheBlade: always less towers
(14:11 / Allies) TheBlade: on inside
(14:14 / Allies) dverial: fast gold
(14:25 / Allies) dverial: ty
(14:34 / Allies) dverial: go
(14:47 / Allies) TheBlade: lumber anyone?
(15:06 / Allies) dverial: main
(15:15 / All) savagechris: im gonna report pink for blatant rage quit
(15:20 / Allies) dverial: im dead
(15:33 / Allies) dverial: gold FAST
(15:37 / Allies) dverial: myu mine is down
(16:23 / All) dverial: u basicaly rly suck
(16:24 / All) 01dsk1h011yw00d: k
(16:39 / Allies) dverial: mass wyrms
(16:40 / Allies) dverial: b
(16:47 / Allies) dverial: meet
(16:54 / Allies) dverial: i cant playu
(16:57 / Allies) dverial: im dead
(16:58 / All) dverial: fag.
(17:04 / All) 01dsk1h011yw00d: just quit
(17:07 / All) 01dsk1h011yw00d: you basically suck
(17:17 / All) dverial: ur such shit
(17:20 / Allies) dverial: gold for main
(17:27 / Allies) dverial: and mine
(17:46 / Allies) dverial: go finish this
(17:51 / Allies) datuputi: this team is confused
(17:55 / Allies) dverial: tp
(17:56 / Allies) dverial: NOW
(17:57 / Allies) savagechris: GUYS WTF IS GOING ON JUST HIT THEY ARE GOING TO DO THIS ALL GAME
(17:57 / Allies) TheBlade: I need lumber
(18:08 / Allies) TheBlade: wood me teal
(18:09 / Allies) TheBlade: you have 1k
(18:16 / Allies) savagechris: now
(18:21 / All) 01dsk1h011yw00d: ol shity ass niggas
(18:27 / All) datuputi: coinfused
(18:42 / Allies) savagechris: lets go fuck
(18:46 / All) TheBlade: D
(18:46 / All) TheBlade: D
(18:48 / Allies) dverial: hes in your team
(18:50 / Allies) dverial: hit and finish this
(18:58 / Allies) dverial: gold for tp
(19:08 / Allies) savagechris: just hit
(19:14 / Allies) datuputi: lol
(19:17 / Allies) datuputi: so cionsused
(19:47 / Allies) dverial: b
(19:57 / All) 01dsk1h011yw00d: bye felicia
(19:58 / Allies) dverial: red u fuckin blow
(19:59 / Allies) savagechris: meet
(20:00 / Allies) savagechris: go
(20:01 / Allies) savagechris: go
(20:17 / Allies) savagechris: BLUE WTF
(20:18 / Allies) savagechris: U MORON
(20:20 / Allies) datuputi: omg
(20:23 / Allies) TheBlade: coming
(20:26 / Allies) dverial: LOL
(20:27 / Allies) savagechris: STFU U IDIOT
(20:28 / Allies) datuputi: run back and forth
(20:30 / Allies) datuputi: funny
(20:31 / Allies) dverial: fuckin retarded noob
(20:38 / Allies) TheBlade: my dwarfs wanted a swim in the water first
(20:38 / Allies) dverial: cost us he game
(20:40 / Allies) dverial: ahahahah
(20:42 / Allies) dverial: fuckin shitty
(20:45 / Allies) dverial: leave wc3
(20:50 / Allies) dverial: dont ever play again u fuckin shit
(20:56 / All) dverial: AHAHAHA
(20:58 / Allies) TheBlade: dwarfs must swim
(21:01 / Allies) TheBlade: aquatic rifles
(21:01 / All) dverial: blue gave us this fuckin game
(21:02 / All) dverial: gg
(21:06 / All) dverial: you*
(21:10 / All) dverial: fuckin shitty noob
(21:26 / All) TheBlade: My dwarves needed a refreshing swim in the murgul oasis
(21:28 / All) TheBlade: sorry
(21:33 / All) dverial: stfu
(21:35 / All) dverial: moron
(21:40 / All) dverial: cost us the game dip shit
(21:50 / All) 01dsk1h011yw00d: yea im glad he killed my empty gold mine
(21:53 / All) 01dsk1h011yw00d: and not my full one
(22:04 / All) dverial: gotta love retards playin this game
(22:16 / All) TheBlade: I can kill that too
(22:23 / Allies) dverial: u cant do shit
(22:26 / All) 01dsk1h011yw00d: can you?
(22:31 / Allies) dverial: u lost us the game u moron retarded piece of shit
(22:42 / Allies) TheBlade: calm down
(22:44 / Allies) TheBlade: take a deep breath
(22:53 / Allies) savagechris: i go orange
(22:54 / Allies) dverial: stfu man your rly utter fuckin shit at this game
(23:00 / Allies) TheBlade: cool it
(23:02 / Allies) dverial: u need to quit and neve rplay in teams again
(23:04 / Allies) TheBlade: or I report you
(23:14 / Allies) dverial: stfu small dick fag
(23:28 / Allies) TheBlade: stop projecting your insecurities
(23:28 / Allies) dverial: btw
(23:31 / Allies) dverial: green is map hacking
(23:34 / Allies) dverial: stfu youre shit
(23:35 / Allies) TheBlade: my rifles needed a refreshment
(23:47 / Allies) dverial: everyone in here agree now grow a pair and leave so i can control
(23:47 / Allies) TheBlade: I have units
(23:49 / Allies) TheBlade: what do you have
(23:52 / Allies) TheBlade: I think I'm better
(23:58 / Allies) TheBlade: why trust my units to guy who lost all his? noob
(24:02 / Allies) dverial: your profile says other wise shitty
(24:09 / Allies) TheBlade: this is a new acc
(24:11 / Allies) TheBlade: I have 1 game played on it
(24:12 / Allies) dverial: stfu
(24:15 / Allies) dverial: youre shit
(24:19 / Allies) dverial: everyone agree on that
(24:27 / Allies) dverial: u lost us the game like i said
(24:31 / Allies) dverial: now go learn how to play
(24:32 / Allies) TheBlade: talking to yourself?
(24:35 / Allies) TheBlade: I have an army you don't
(24:37 / Allies) TheBlade: gg noob
(24:47 / Allies) dverial: of course, the retarded argument
(24:52 / All) TheWeaponLord: teal I am going to take over your lands now
(24:58 / Allies) dverial: keep that to yourself, youre rly too stupid
(24:59 / All) TheWeaponLord: You left the place a dump, I'll have to renovate
(24:59 / Allies) TheBlade: any argument from you is a retarded one
(25:00 / All) dverial: its ok
(25:03 / All) dverial: its 5v3
(25:06 / All) dverial: blu was with u
(25:49 / All) dverial: gotta wc3 and its retarded community ( talking about blue here)
(26:44 / Allies) savagechris: fuck you blue for real
(27:05 / Allies) dverial: see learn from this u retarded piece of trash
(27:37 / All) dverial: here goes blue
(27:47 / All) dverial: the shittiest wc3 player ive witnessed
(28:14 / All) TheBlade: fucking teal tking now LOL
(28:15 / All) TheBlade: what a retard
(28:31 / Allies) dverial: must suck being that bad eh?
(28:32 / All) 01dsk1h011yw00d: so is pink apparently
(28:42 / All) 01dsk1h011yw00d: or purple
(29:23 / All) TheWeaponLord: lol dod something aobut it bitch
(30:00 / All) TheWeaponLord: YEAH I TK
(30:01 / All) TheWeaponLord: SO WHAT
(30:09 / All) TheWeaponLord: not like you can do anything about it LOL
(30:41 / All) vinamilk: gg faggot tk us for no reason
(30:48 / All) TheBlade: I had a tker too faggot
(33:23 / All) TheWeaponLord: Yellow do us a favor and leave
(33:27 / All) TheBlade: lol
(33:29 / All) TheWeaponLord: lol
(33:31 / All) TheWeaponLord: stats?
(33:34 / All) TheBlade: yeah
(33:42 / All) TheBlade: 87-96 oj
(33:49 / All) TheBlade: 239-233 teal that's shocking
(33:54 / All) TheBlade: red 104-102
(33:56 / All) TheWeaponLord: this team all suck
(33:57 / All) TheBlade: my team lose I think
(33:59 / All) TheWeaponLord: red got best record
(34:04 / All) TheWeaponLord: and other ugy